 Dungeon Crawl Stone Soup version 0.31.0-12-g77e489cdc1 (webtiles) character file.

Game seed: 1823928694236843827

26 spaghetti the Trooper (level 2, 24/24 HPs)
             Began as a Mummy Fighter on Mar 1, 2024.
             Quit the game on level 1 of the Dungeon.
             The game lasted 00:00:41 (780 turns).

spaghetti the Trooper (Mummy Fighter)                Turns: 780, Time: 00:00:42

Health: 24/24      AC:  6    Str: 19    XL:     2   Next: 89%
Magic:  2/2        EV:  9    Int:  7    God:
Gold:   31         SH:  4    Dex: 11    Spells: 1/1 levels left

rFire   x . .        a - +0 trident
rCold   + . .        c - +0 buckler
rNeg    + + +        b - +0 scale mail
rPois   ∞            (no helmet)
rElec   .            (no cloak)
rCorr   .            (no gloves)
SInv    .            (no boots)
Will    .....        (no amulet) Stlth
                     (no ring)
HPRegen 0.24/turn    (no ring)
MPRegen 0.08/turn

%: faith
@: no status effects
A: cold resistance 1, negative energy resistance 3, torment resistance 2, heat
vulnerability 1, in touch with death 1, no potions, faith
a: no special abilities


You were on level 1 of the Dungeon.
You visited 1 branch of the dungeon, and saw 1 of its levels.

You collected 31 gold pieces.

Inventory:

Hand Weapons
 a - a +0 trident (weapon)
Armour
 b - a +0 scale mail (worn)
 c - a +0 buckler (worn)
 i - a +0 helmet
Scrolls
 d - a scroll of torment {unknown}
 e - 2 scrolls of butterflies {unknown}
 f - a scroll of identify {unknown}
 g - a scroll of enchant armour {unknown}
 h - a scroll of poison {unknown}


   Skills:
 + Level 3.6 Fighting
 + Level 2.2 Polearms
 - Level 2.4 Armour
 - Level 2.4 Shields


You had one spell level left.
You didn't know any spells.
Your spell library contained the following spells:

 Spells                   Type           Power      Damage    Failure   Level
 Sandblast                Erth           0%         2d4       87%         1
 Lesser Beckoning         Tloc           0%         N/A       95%         2
 Gell's Gravitas          Tloc           0%         N/A       99%         3
 Passwall                 Erth           0%         N/A       99%         3
 Stone Arrow              Conj/Erth      0%         3d7       99%         3
 Teleport Other           Tloc           0%         N/A       99%         3
 Brom's Barrelling Bould  Conj/Erth      0%         2d3       100%        4


Dungeon Overview and Level Annotations

Branches:
Dungeon (1/15)

Altars:


Innate Abilities, Weirdness & Mutations

You are immune to poison.
Your flesh is cold resistant. (rC+)
You are immune to negative energy. (rN+++)
You are immune to unholy pain and torment.
You are vulnerable to heat. (rF-)
You are in touch with the powers of death.
You do not drink.
You have a special connection with the divine. (Faith)


Message History

No target in view!
Found a club.
e - 2 scrolls labelled HUANUX UFA (gained 1)
You see here a +0 club.
You see here a +0 short sword of electrocution.
You see here a ball python skeleton.
Key pressed, stopping explore.
A ball python comes into view.
A ball python is nearby!
You closely miss the ball python. The ball python completely misses you.
The ball python grabs you. The ball python constricts you.
You block the ball python's attack. The ball python constricts you.
You barely miss the ball python. The ball python bites you.
The ball python constricts you.
You puncture the ball python!
You kill the ball python!
No target in view!
No target in view!
No target in view!
No target in view!
No target in view!
No target in view!
You see here a ball python corpse.
A rat comes into view.
Found a helmet.
The rat squeaks loudly.
A rat is nearby!
A rat is nearby!
You hit the rat.
The rat is moderately wounded.
The rat bites you but does no damage.
You puncture the rat!
You kill the rat!
No target in view!
No target in view!
You see here a +0 helmet.
i - a +0 helmet
Okay, then.
Unknown command.
Are you sure you want to abandon this character and quit the game? (Confirm with "yes".)

### ###
#.##.#############.#
#.............@....#
#.#..#.###########.#
#.#..#.# #.# #.#..#.#
#†#
#.#..#.###########.#
#....#.............#
##...............####
##...##+##........#
....##...##.......#


There were no monsters in sight!

Vanquished Creatures
  2 bats (D:1)
  An endoplasm (D:1)
  2 giant cockroaches (D:1)
  4 goblins (D:1)
  2 hobgoblins (D:1)
  3 kobolds (D:1)
  A quokka (D:1)
  6 ball pythons (D:1)
  2 frilled lizards (D:1)
  2 rats (D:1)
25 creatures vanquished.

Notes
Turn   | Place    | Note
-------+----------+-------------------------------------------
     0 | D:1      | spaghetti the Mummy Fighter began the quest for the Orb.
     0 | D:1      | Reached XP level 1. HP: 18/18 MP: 1/1
   237 | D:1      | Reached XP level 2. HP: 24/24 MP: 2/2
   780 | D:1      | Quit the game

Illustrated notes

Levels and vault maps discovered:
D:1:      dpeg_arrival_water_fire, layout_basic, minmay_box_of_dots

Skill      XL: |  1  2 |
---------------+-------+-----
Polearms       | 2 |  2.2
Fighting       | |  3.6
Armour         | |  2.4
Shields        | |  2.4

Action                     || total
---------------------------++-------
  Melee: Trident           ||    68
 Armour: Scale mail        ||    67
  Dodge: Dodged            ||    40
  Block: Buckler           ||     9
